 Dungeon Crawl Stone Soup version 0.31-a0-188-g5e087ee2ca (webtiles) character file.

Game seed: 10881772058606885882

68 qw the Shooter (level 4, -4/25 HPs)
             Began as a Deep Elf Hunter on June 23, 2023.
             Slain by a gnoll
             ... wielding a +0 spear
              (6 damage)
             ... on level 2 of the Dungeon.
             The game lasted 00:00:26 (839 turns).

qw the Shooter (Deep Elf Hunter)                     Turns: 839, Time: 00:00:26

Health: -4/25      AC:  6    Str: 10    XL:     4   Next: 1%
Magic:  6/6        EV: 11    Int: 14    God:
Gold:   29         SH:  0    Dex: 18    Spells: 3/3 levels left

rFire   . . .        Y - +3 shortbow
rCold   . . .        (shield currently unavailable)
rNeg    . . .        g - +0 ring mail
rPois   .            h - +0 helmet
rElec   .            (no cloak)
rCorr   .            (no gloves)
SInv    .            (no boots)
Will    .....        (no amulet)
Stlth   +            (no ring)
HPRegen 0.24/turn    (no ring)
MPRegen 0.10/turn

%: no passive effects
@: no status effects
A: no striking features
a: no special abilities


You were on level 2 of the Dungeon.
You visited 1 branch of the dungeon, and saw 2 of its levels.

You collected 29 gold pieces.


   Skills:
 - Level 1.5 Fighting
 + Level 7.4 Ranged Weapons
 - Level 2.4 Dodging
 - Level 1.2 Stealth


You had 3 spell levels left.
You didn't know any spells.
Your spell library was empty.

Inventory:

Hand Weapons
 Y - a +3 shortbow (weapon)
Armour
 g - a +0 ring mail (worn)
 h - a +0 helmet (worn)
Potions
 k - a potion of curing {unknown}

Dungeon Overview and Level Annotations

Branches:
Dungeon (2/15)

Altars:


Message History

You shoot an arrow.
The arrow hits the gnoll but does no damage.
The gnoll is severely wounded.
The gnoll closely misses you. The gnoll completely misses you.
The gnoll barely misses you.
You shoot an arrow. The arrow hits the gnoll.
You kill the gnoll!
The gnoll closely misses you. The gnoll barely misses you.
The gnoll hits you from afar with a +0 spear.
Your Ranged Weapons skill increases to level 7!
You shoot an arrow. The arrow hits the gnoll!
You kill the gnoll!
The gnoll hits you from afar with a +0 spear. x2
You shoot an arrow.
The arrow hits the gnoll but does no damage.
The gnoll is severely wounded.
The gnoll hits you but does no damage. The gnoll barely misses you.
You shoot an arrow. The arrow hits the gnoll.
You kill the gnoll!
The gnoll hits you but does no damage.
The gnoll hits you from afar with a +0 spear.
You have reached level 4!
You feel clever.
You shoot an arrow. The arrow closely misses the gnoll.
The gnoll barely misses you.
You shoot an arrow. The arrow hits the gnoll.
The gnoll is moderately wounded.
The gnoll hits you from afar with a +0 spear!
You shoot an arrow. The arrow hits the gnoll.
The gnoll is heavily wounded.
The gnoll hits you but does no damage.
You shoot an arrow.
The arrow hits the gnoll but does no damage.
The gnoll is heavily wounded.
The gnoll barely misses you.
You shoot an arrow. The arrow hits the gnoll.
The gnoll is almost dead.
The gnoll hits you but does no damage. x2
You shoot an arrow. The arrow barely misses the gnoll.
The gnoll hits you from afar with a +0 spear.
You die...

#.##.##.
####.###.#. .
#.......#.. ..
#.##.##.#.. ..
#.##.##.#.# #.
###.##.##.... #..
####....%.#####.
#..g###.........#
#.
#.))@.###......#
#. ####)##
#......... #. #.#
#.......... #.#
##.######.# ##.
.## .# # .# #


You could see a gnoll.

Vanquished Creatures
  3 gnolls (D:2)
  A dart slug (D:1)
  3 bats (D:1)
  An endoplasm (D:1)
  2 giant cockroaches (D:1)
  7 goblins (D:1)
  5 hobgoblins
  4 jackals (D:1)
  2 kobolds (D:1)
  A ball python (D:1)
  3 frilled lizards (D:1)
32 creatures vanquished.

Notes
Turn   | Place    | Note
-------+----------+-------------------------------------------
     0 | D:1      | qw the Deep Elf Hunter began the quest for the Orb.
     0 | D:1      | Reached XP level 1. HP: 12/12 MP: 3/3
     0 | D:1      | 0 ||| qw: Version: 0.3-a-9-g12657ce
     0 | D:1      | 0 ||| qw: Game counter: 3481
     0 | D:1      | 0 ||| qw: Always use a shield: true
     0 | D:1      | 0 ||| qw: God list: Okawaru
     0 | D:1      | 0 ||| qw: Allow faded altars: false
     0 | D:1      | 0 ||| qw: Do Orc after D:15 true
     0 | D:1      | 0 ||| qw: Do second Lair branch before Depths: true
     0 | D:1      | 0 ||| qw: Lair rune preference: random
     0 | D:1      | 0 ||| qw: Plans: Normal
     0 | D:1      | 0 ||| PLANNING D:1-11
    62 | D:1      | 62 ||| FLEEEEING.
    63 | D:1      | 63 ||| FLEEEEING.
    64 | D:1      | 64 ||| FLEEEEING.
    82 | D:1      | Reached XP level 2. HP: 16/16 MP: 4/4
   103 | D:1      | Reached skill level 6 in Ranged Weapons
   262 | D:1      | Reached XP level 3. HP: 20/20 MP: 5/5
   385 | D:1      | Found a faded altar of an unknown god.
   700 | D:1      | 700 ||| UPGRADING to +0 ring mail.
   710 | D:1      | 710 ||| DROPPING +0 leather armour.
   711 | D:1      | 711 ||| UPGRADING to +0 helmet.
   716 | D:1      | 716 ||| READING scroll labelled NASUXU HONI.
   719 | D:1      | 719 ||| READING scroll labelled VONNOS HIH.
   720 | D:1      | 720 ||| READING 3 scrolls labelled KAESOI ZIMY.
   721 | D:1      | 721 ||| READING 2 scrolls of enchant weapon.
   721 | D:1      | 721 ||| ENCHANTING +1 shortbow.
   722 | D:1      | 722 ||| READING scroll of enchant weapon.
   722 | D:1      | 722 ||| ENCHANTING +2 shortbow.
   723 | D:1      | 723 ||| READING scroll labelled LIROICRUSTRO.
   724 | D:1      | 724 ||| READING 2 scrolls labelled INOSOKLOHUPH.
   725 | D:1      | 725 ||| READING 3 scrolls labelled QIMOANK OTECREA.
   726 | D:1      | 726 ||| READING scroll labelled YXKETA ZUCAHA.
   727 | D:1      | 727 ||| READING scroll labelled LIC FIERET.
   728 | D:1      | 728 ||| READING scroll labelled XOTULL LYAFISAE.
   729 | D:1      | 729 ||| DROPPING scroll of butterflies.
   730 | D:1      | 730 ||| DROPPING scroll of vulnerability.
   731 | D:1      | 731 ||| DROPPING 2 scrolls of immolation.
   824 | D:2      | Identified the +4 ring mail of the Circus Animal {rElec
                  | rC+}
   831 | D:2      | Reached skill level 7 in Ranged Weapons
   834 | D:2      | Reached XP level 4. HP: 7/25 MP: 6/6
   835 | D:2      | HP: 1/25 [gnoll/+0 spear (7)]
   839 | D:2      | Slain by a gnoll

Levels and vault maps discovered:
D:1:      dpeg_arrival_shrine, layout_loops_cross,
          ebering_ecumenical_altar_petrified, hangedman_decor_slide_cut,
          minmay_nonomino_d4
D:2:      layout_loops_ring, uniq_terence

Skill      XL: |  1  2  3 |
---------------+----------+-----
Ranged Weapons | 6 7 |  7.4
Fighting       | |  1.5
Dodging        | |  2.4
Stealth        | |  1.2

Action                     |  1- 3 |  4- 6 || total
---------------------------+-------+-------++-------
   Fire: Shortbow          |    81 |     6 ||    87
    Use: Scroll            |    11 |       ||    11
 Armour: Leather armour    |     5 |       ||     5
         Ring mail         |     2 |     3 ||     5
  Dodge: Dodged            |    14 |     2 ||    16

Table legend:
 A = Non-vault XP
 B = Vault XP
 C = Vault XP percentage of total XP
 D = Non-vault monster count
 E = Vault monster count
 F = Vault count percentage of total count
                 A         B        C        D         E       F
            +---------+---------+-------+---------+---------+-------
      Total |      90 |       8 |   8.2 |      27 |       5 |  15.6
            +---------+---------+-------+---------+---------+-------
        D:1 |      45 |       8 |  15.1 |      23 |       5 |  17.9
        D:2 |      45 |       0 |   0.0 |       4 |       0 |   0.0
            +---------+---------+-------+---------+---------+-------
